 Dungeon Crawl Stone Soup version 0.21.1-1-g345015f (webtiles) character file.

259 pk666 the Magician (level 5, 3/28 HPs)
             Began as a Deep Elf Wizard on Feb 13, 2018.
             Quit the game on level 4 of the Dungeon.
             The game lasted 00:12:30 (4952 turns).

pk666 the Magician (Deep Elf Wizard)                Turns: 4952, Time: 00:12:30

Health: 3/28       AC:  3    Str:  4    XL:     5   Next: 95%
Magic:  1/15       EV: 13    Int: 24    God:
Gold:   119        SH:  0    Dex: 13    Spells: 6/15 levels left

rFire    + . .     SeeInvis .   m - +0 dagger
rCold    . . .     Gourm    .   (no shield)
rNeg     . . .     Faith    .   o - +0 robe {MR+}
rPois    .         Spirit   .   b - +0 hat
rElec    .         Reflect  .   r - +0 cloak
rCorr    .         Harm     .   (no gloves)
MR       +....                  (no boots)
Stlth    ++........             (no amulet)
HPRegen  0.09/turn              a - ring of protection from fire
MPRegen  0.14/turn              (no ring)

@: heavily drained
A: no striking features
a: no special abilities


You were on level 4 of the Dungeon.
You were hungry.

You visited 1 branch of the dungeon, and saw 4 of its levels.

You collected 119 gold pieces.

Inventory:

Hand Weapons
 m - a +0 dagger (weapon)
Armour
 b - a +0 hat (worn)
 o - a +0 robe of magic resistance (worn)
 r - a +0 cloak (worn)
Jewellery
 a - a ring of protection from fire (left hand)
 u - an uncursed ring of flight {unknown}
Scrolls
 e - 5 scrolls of teleportation {unknown}
 h - 3 scrolls of remove curse {unknown}
 i - a scroll of amnesia {unknown}
 j - a scroll of magic mapping {unknown}
 k - 5 scrolls of identify {unknown}
 p - 2 scrolls of enchant weapon {unknown}
 q - a scroll of blinking {unknown}
 t - a scroll of random uselessness {unknown}
Potions
 f - a potion of ambrosia {unknown}
 g - 4 potions of curing {unknown}
 l - a potion of berserk rage {unknown}
 n - a potion of invisibility {unknown}
 s - a potion of lignification {unknown}
Books
 c - a book of Minor Magic

   Spells                             Type                      Level
   a - Magic Dart                     Conjuration                  1
   b - Blink                          Translocation                2
   c - Call Imp                       Summoning                    2
   d - Slow                           Hexes                        2
   e - Conjure Flame                  Conjuration/Fire             3
   f - Mephitic Cloud                 Conjuration/Poison/Air       3
Comestibles
 d - 5 rations


   Skills:
 + Level 3.9(2.5) Dodging
 - Level 2.4(1.0) Stealth
 + Level 5.5(4.0) Spellcasting
 + Level 2.8(1.4) Conjurations
   Level 1.1(0.0) Summonings
 - Level 1.1(0.0) Translocations
 * Level 2.2(0.8) Fire Magic
 - Level 2.0(0.7) Air Magic
 * Level 2.1(0.8) Poison Magic


You had 6 spell levels left.
You knew the following spells:

 Your Spells              Type           Power        Failure   Level  Hunger
a - Magic Dart            Conj           ##..         5%          1    None
b - Blink                 Tloc           N/A          14%         2    #......
d - Conjure Flame         Conj/Fire      ##......     19%         3    ##.....
z - Mephitic Cloud        Conj/Pois/Air  #.......     19%         3    ##.....


Dungeon Overview and Level Annotations

Branches:
Dungeon (4/15)
 Temple: D:4-7

Altars:
Kikubaaqudgha
Nemelex Xobeh

Annotations:
D:2 exclusion: downstairs
D:3 Frank's ghost, amateur OpFi


Message History

You feel sick.
There is a stone staircase leading down here.
You feel sick. The worker ant bites you.
* * * LOW HITPOINT WARNING * * *
You feel sick.
You feel sick. The worker ant barely misses you.
Casting: Magic Dart
Confirm with . or Enter, or press ? or * to list all spells.
You blink.
Casting: Blink
Confirm with . or Enter, or press ? or * to list all spells.
Aiming: Conjure Flame
Press: ? - help, Dir - move target cursor, p - worker ant The fire ignites!
You feel sick.
You feel sick.
You are no longer poisoned.
Unknown command.
Are you sure you want to abandon this character and quit the game? (Confirm with "yes".)

#.......# ###.####
.......# #......#
...# .# # #.#.##.#
##..##.##.# #.#.##.#
......... #...##.#
.......# #..###.#
#....#.. #..###.#
#.#..#.# #......#
#.<..#.# ##@...##
..##.#.#
#######....#
#.##.#.#
#...a......#
.......#
#.#####.#.##
#.########.#####.#.#
#.##......a...##.#>#
#.##.#####.##.##.#.#
#....# #.##.##.#.#
###### #.........#


There were no monsters in sight!

Vanquished Creatures
  Crazy Yiuf (D:2)
  An orc wizard (D:3)
  Jessica (D:2)
  A worker ant (D:4)
  6 adders
  6 dart slugs
  A leopard gecko (D:2)
  9 orcs
  A giant cockroach (D:3)
  5 goblins
  8 hobgoblins
  6 jackals
  2 quokkas (D:2)
  3 ball pythons
  13 bats
  6 frilled lizards
  5 kobolds
  9 rats
84 creatures vanquished.

Notes
Turn   | Place    | Note
-------+----------+-------------------------------------------
     0 | D:1      | pk666 the Deep Elf Wizard began the quest for the Orb.
     0 | D:1      | Reached XP level 1. HP: 10/10 MP: 7/7
   732 | D:1      | Reached XP level 2. HP: 15/15 MP: 7/9
  1429 | D:1      | Reached XP level 3. HP: 19/19 MP: 8/11
  1456 | D:1      | Learned a level 2 spell: Blink
  1460 | D:1      | Learned a level 3 spell: Mephitic Cloud
  1464 | D:1      | Learned a level 3 spell: Conjure Flame
  1948 | D:2      | Reached skill level 5 in Spellcasting
  2442 | D:2      | Reached XP level 4. HP: 24/24 MP: 9/13
  2443 | D:2      | Noticed Jessica
  2452 | D:2      | Killed Jessica
  2452 | D:2      | Reached skill level 1 in Fire Magic
  2452 | D:2      | Reached skill level 1 in Air Magic
  2452 | D:2      | Reached skill level 1 in Poison Magic
  2657 | D:2      | Found an ancient bone altar of Kikubaaqudgha.
  2788 | D:2      | Found a sparkling altar of Nemelex Xobeh.
  3060 | D:2      | Found a runed door.
  3064 | D:2      | Noticed Crazy Yiuf
  3069 | D:2      | Killed Crazy Yiuf
  3069 | D:2      | Reached XP level 5. HP: 28/28 MP: 6/14
  3571 | D:3      | Noticed Frank's ghost (amateur OpFi)
  4952 | D:4      | Quit the game

Skill      XL: |  1  2  3  4  5 |
---------------+----------------+-----
Dodging        | 3 |  3.9
Conjurations   | 2 |  2.8
Spellcasting   | 5 |  5.5
Fire Magic     | 1 2 |  2.2
Air Magic      | 1 2 |  2.0
Poison Magic   | 1 2 |  2.1
Stealth        | |  2.4
Summonings     | |  1.1
Translocations | |  1.1

Action                   |  1- 3 |  4- 6 || total
-------------------------+-------+-------++-------
Melee: Dagger            |       |    11 ||    11
 Cast: Magic Dart        |   102 |   150 ||   252
       Mephitic Cloud    |       |     3 ||     3
       Conjure Flame     |       |     8 ||     8
       Blink             |       |     4 ||     4
  Eat: Chunk             |     4 |     8 ||    12
Armor: Robe              |     9 |     5 ||    14
Dodge: Dodged            |    13 |    27 ||    40
